 Dungeon Crawl Stone Soup version 0.30.0-10-gfe55d96785 (webtiles) character file.

Game seed: 11781003006110507313

88480 freelancePsychic the Warrior (level 16, -10/128 HPs)
             Began as a Djinni Conjurer on May 14, 2023.
             Was the Champion of Makhleb.
             Hit by a javelin thrown by a merfolk javelineer (25 damage)
             ... on level 2 of the Depths.
             The game lasted 00:38:52 (25167 turns).

freelancePsychic the Warrior (Djinni Conjurer)     Turns: 25167, Time: 00:38:52

Health: -10/128    AC:  7    Str:  6    XL:     16   Next: 40%
Gold:   1369       EV: 17    Int: 26    God:    Makhleb [******] SH:  8 Dex: 14

rFire   + + .        m - +2 short sword (elec)
rCold   + . .        a - orb {mayhem}
rNeg    . . .        n - +0 steam dragon scales
rPois   ∞            (no helmet)
rElec   .            I - +0 cloak
rCorr   .            o - +0 pair of gloves
SInv    .            (boots unavailable)
Will    +....        X - brooch of Shielding {Spirit SH+8}
Stlth   +++          W - ring of Hyqy {*Corrode rPois rC+ Stlth+}
HPRegen 0.41/turn    E - ring of protection from cold
MPRegen 0.00/turn

%: corrode self (3%), mayhem, guardian spirit, infuse magic (-11 HP)
@: flying
A: sickness immunity, fire resistance 2, cold vulnerability 1, float, innate
caster, HP casting, extra vitality 1
a: Renounce Religion, Minor Destruction, Lesser Servant of Makhleb, Major
Destruction, Greater Servant of Makhleb


You were on level 2 of the Depths.
You worshipped Makhleb.
Makhleb was exalted by your worship.
You visited 3 branches of the dungeon, and saw 18 of its levels.
You also visited: Trove and Ice Cave.

You collected 2762 gold pieces.
You spent 1393 gold pieces at shops.

Inventory:

Hand Weapons
 m - a +2 short sword of electrocution (weapon)
 s - a +2 great sword of freezing
Missiles
 c - 2 throwing nets
Armour
 a - an orb of mayhem (worn)
 n - +0 steam dragon scales (worn)
 o - a +0 pair of gloves (worn)
 B - a +0 kite shield
 I - a +0 cloak (worn)
Jewellery
 w - the ring of Ynottidi {EV+5 Str+3 SInv}
   (You found it in a treasure trove)

   [ring of evasion]

   EV:        It affects your evasion (+5).
   Str:       It affects your strength (+3).
   SInv:      It lets you see invisible.
 E - a ring of protection from cold (right hand)
 S - the ring of Lutuqosk {AC+4 Str+3}
   (You found it in a treasure trove)

   [ring of protection]

   AC:        It affects your AC (+4).
   Str:       It affects your strength (+3).
 T - the ring "Nosanaf" {EV+5 Str+3 Int-4 Dex+2 Stlth+}
   (You found it in a treasure trove)

   [ring of evasion]

   EV:        It affects your evasion (+5).
   Str:       It affects your strength (+3).
   Int:       It affects your intelligence (-4).
   Dex:       It affects your dexterity (+2).
   Stlth:     It makes you more stealthy.
 U - the ring "Qidasch" {rF++ rN++ EV+5 Str+3}
   (You found it in a treasure trove)

   [ring of evasion]

   EV:        It affects your evasion (+5).
   Str:       It affects your strength (+3).
   rF:        It greatly protects you from fire.
   rN:        It greatly protects you from negative energy.
 V - a +4 ring of protection
 W - the ring of Hyqy (left hand) {*Corrode rPois rC+ Stlth+}
   (You found it in a treasure trove)

   [ring of poison resistance]

   rC:        It protects you from cold.
   rPois:     It protects you from poison.
   *Corrode:  It may corrode you when you take damage.
   Stlth:     It makes you more stealthy.
 X - the brooch of Shielding (around neck) {Spirit SH+8}
   (You found it in a treasure trove)

   [amulet of guardian spirit]

   It causes incoming damage to be divided between your reserves of health and
   magic.
   SH:        It affects your SH (+8).
 Y - a +6 ring of intelligence
 Z - an amulet of faith
Wands
 t - a wand of iceblast (14)
 y - a wand of quicksilver (25)
 D - a wand of flame (19)
 N - a wand of polymorph (11)
Scrolls
 e - 9 scrolls of teleportation {@r4}
 h - 3 scrolls of brand weapon
 i - 2 scrolls of enchant armour
 j - a scroll of fear
 p - 2 scrolls of blinking
 v - 6 scrolls of enchant weapon
 C - a scroll of summoning
 G - a scroll of fog
 J - a scroll of magic mapping
 K - 4 scrolls of identify {@r1}
 O - a scroll of poison
 P - a scroll of silence
 Q - a scroll of noise {unknown}
Potions
 b - 4 potions of mutation {unknown}
 d - 3 potions of haste {@q3}
 f - 3 potions of cancellation {unknown}
 g - a potion of might {unknown}
 k - 2 potions of berserk rage {unknown}
 l - 5 potions of lignification {unknown}
 q - a potion of attraction
 r - 4 potions of brilliance
 u - 5 potions of curing {@q1}
 x - 2 potions of degeneration {unknown}
 z - 4 potions of magic {unknown}
 A - 3 potions of flight
 H - a potion of invisibility
 M - 10 potions of ambrosia
Miscellaneous
 F - a phial of floods
 L - a phantom mirror
 R - a box of beasts


   Skills:
 + Level 16.1 Fighting
 - Level 10.2 Dodging
 - Level 1.5 Stealth
 + Level 5.9 Shields
 + Level 16.0 Spellcasting


You knew the following spells:

 Your Spells              Type           Power      Damage    Failure   Level
a - Sticky Flame          Conj/Fire      81%        2d9       1%          4
b - Metabolic Englaciati  Hex/Ice        40%        N/A       1%          5
c - Dazzling Flash        Conj/Hex       100%       N/A       0%          3
d - Fulminant Prism       Conj/Hex       40%        3d19      1%          4
e - Iskenderun's Mystic   Conj/Tloc      81%        2d16      1%          4
f - Slow                  Hex            100%       N/A       0%          1
g - Blink                 Tloc           100%       N/A       0%          2
h - Ensorcelled Hibernat  Hex/Ice        100%       N/A       0%          2
i - Simulacrum            Ice/Necr       40%        N/A       1%          6
j - Magic Dart            Conj           100%       1d8       0%          1
k - Animate Armour        Summ/Erth      100%       N/A       1%          4
l - Searing Ray           Conj           100%       2d8       0%          2
Your spell library was empty.

Dungeon Overview and Level Annotations

Branches:
Dungeon (15/15)            Temple (1/1) D:5            Lair (0/5) D:8
    Orc (0/2) D:12         Vaults (0/5) D:13         Depths (2/4) D:15
  IceCv (visited)

Altars:
Ashenzari
Cheibriados
Dithmenos
Elyvilon
Fedhas
Gozag
Hepliaklqana
Makhleb
Nemelex Xobeh
Okawaru
Qazlal
Ru
Trog
Uskayaw
Wu Jian
Xom
Yredelemnul
Zin
The Shining One

Shops:
D:2 *   D:5 *[(   D:6 *   D:11 [   D:13 [

Portals:
Hell: Depths:1
Ziggurat: Depths:1

Annotations:
D:3 exclusion: ogre
D:4 2 exclusions, Dowan, Grinder
D:7 1 runed translucent door
D:13 3 runed translucent doors


Innate Abilities, Weirdness & Mutations

You are immune to sickness and miasma.
You are immune to poison.
Your flesh is very heat resistant. (rF++)
You are vulnerable to cold. (rC-)
You float through the air rather than walking.
You learn spells naturally, not from books.
Your magical power is your life essence.
You have superior vitality. (+4 MHP)


Message History

* * * LOW HITPOINT WARNING * * *
You block the spectral caustic shrike's attack.
Casting: Iskenderun's Mystic Blast (safe; 1% risk of failure)
Confirm with . or Enter, or press ? or * to list all spells.
You erupt in a blast of force!
The mystic blast hits the spectral caustic shrike!!
The spectral caustic shrike is heavily damaged.
The spectral caustic shrike is knocked back by the mystic blast.
The mystic blast hits the spectral caustic shrike but does no damage.
The spectral caustic shrike is heavily damaged.
* * * LOW HITPOINT WARNING * * *
The spectral caustic shrike closely misses you.
The spectral caustic shrike barely misses you.
The spectral caustic shrike attacks as you move away!
The spectral caustic shrike misses you.
The spectral caustic shrike claws you but does no damage.
The merfolk javelineer throws a javelin.
The javelin pierces through you.
* * * LOW HITPOINT WARNING * * *
Okay, then.
Okay, then.
The spectral caustic shrike attacks as you move away!
The spectral caustic shrike claws you!
* * * LOW HITPOINT WARNING * * *
The spectral caustic shrike claws you but does no damage.
Okay, then.
You feel better.
You block the spectral caustic shrike's attack.
The spectral caustic shrike claws you.
* * * LOW HITPOINT WARNING * * *
Casting: Iskenderun's Mystic Blast (safe; 1% risk of failure)
Confirm with . or Enter, or press ? or * to list all spells.
You erupt in a blast of force!
The mystic blast hits the spectral caustic shrike!!
The spectral caustic shrike is severely damaged.
The spectral caustic shrike is knocked back by the mystic blast.
* * * LOW HITPOINT WARNING * * *
The merfolk javelineer throws a javelin.
The javelin pierces through you!!
You die...

######...#
.........#################
>.........................
..<....>..................
...............###........
.........##....# #....##..
######...##..).###....#
##...##.###...###....#
#....##.# #.@.# ..###
#...#.#.###...# .#
...........###.....#
....#.......# ....#
#........###....#
...##...Z.......^#
#m.....##.#### #Z##.##....
... .## ....#


You could see a merfolk javelineer and 2 spectral caustic shrikes.

Vanquished Creatures
  An ancient lich (Depths:1)
  A lich (Depths:1)
  Kirke (D:12)
  A fire giant (Depths:1)
  A frost giant (Depths:1)
  A spectral caustic shrike (Depths:2)
  A quicksilver ooze (shapeshifter) (Depths:1)
  A reaper (IceCv)
  Snorg (D:10)
  A blizzard demon (Depths:1)
  2 ettins
  Josephine (D:12)
  A fire dragon (Depths:1)
  4 hydras
  A vault guard (D:13)
  Erolcha (D:13)
  An ogre mage (D:10)
  3 two-headed ogres
  5 centaur warriors
  3 death yaks (D:8)
  A boulder beetle (D:13)
  2 tengu warriors (D:14)
  2 deep troll shamans (Depths:1)
  A deep troll earth mage (Depths:1)
  A spriggan berserker (Depths:1)
  A vampire mage (Depths:1)
  A spriggan (Depths:1)
  A skeletal warrior (D:12)
  2 deep trolls (Depths:1)
  A wizard (Depths:2)
  A necromancer (D:13)
  2 deep elf pyromancers
  4 manticores
  13 ugly things
  10 cyclopes
  Maurice (D:12)
  2 ice statues (IceCv)
  4 gargoyles (D:12)
  Maggie (D:8)
  A yaktaur (D:13)
  2 komodo dragons (D:11)
  3 unseen horrors
  2 rime drakes (D:14)
  2 kobold demonologists
  2 anaconda simulacra (IceCv)
  A tengu conjurer (D:13)
  An efreet (D:13)
  7 ice devils (IceCv)
  3 freezing wraiths
  7 meliai
  2 queen bees (shapeshifter)
  6 trolls
  4 hornets
  A wolf spider simulacrum (D:14)
  14 slime creatures
  2 shadows (D:10)
  6 wraiths
  A hog (shapeshifter) (D:12)
  4 water elementals
  2 hogs (D:12)
  2 dire elephant simulacra (IceCv)
  4 wyverns (D:14)
  39 yaks
  6 basilisks (D:14)
  A steam dragon (D:9)
  2 harpy simulacra (IceCv)
  5 vampire mosquitoes
  6 acid dragons
  A water moccasin (D:6)
  4 hydra simulacra (IceCv)
  3 orc warriors
  2 ice beasts
  2 black bears (D:7)
  2 ogres
  2 sky beasts
  15 centaurs
  A phantom (D:5)
  4 kobold brigands
  3 bullfrogs
  A two-headed ogre simulacrum (IceCv)
  2 gnoll sergeants
  A scorpion (D:6)
  5 wights (D:8)
  25 killer bees
  An electric eel (D:14)
  A vampire bat (D:3)
  8 howler monkeys
  2 hounds
  A gnoll bouda (D:9)
  13 orc priests
  A sleepcap (D:6)
  4 iguanas
  16 orc wizards
  4 hell rats
  A spriggan simulacrum (IceCv)
  A boggart simulacrum (D:14)
  13 gnolls
  A river rat (D:8)
  8 adders
  2 naga simulacra (IceCv)
  A shadow imp (D:7)
  2 white imps
  2 ufetubi
  2 worms
  A dart slug (D:1)
  3 fire bats (D:3)
  25 orcs
  2 spectral bats (D:3)
  3 bat skeletons (D:3)
  A bat zombie (D:3)
  6 endoplasms
  A giant cockroach (D:2)
  5 goblins
  5 hobgoblins
  2 jackals (D:1)
  8 quokkas
  A ball python (D:1)
  12 bats
  A bat simulacrum (D:3)
  2 frilled lizards (D:1)
  A jackal zombie (D:7)
  7 kobolds
  2 kobold skeletons (D:7)
  8 rats
  5 fulminant prisms (Depths:1)
479 creatures vanquished.

Vanquished Creatures (collateral kills)
  A dire elephant (D:15)
  A great orb of eyes (D:15)
  2 hydras (D:15)
  A tengu warrior (D:15)
  A wizard (D:15)
  7 ugly things
  A manticore (D:14)
  A gargoyle (D:12)
  A queen bee (D:15)
  2 meliai (D:15)
  8 slime creatures
  A yak (D:12)
  A wraith (D:12)
  2 wyverns (D:14)
  3 basilisks
  A water elemental (D:14)
  A hog (D:12)
  A redback (shapeshifter) (D:15)
  A hell hound (D:14)
  An orc warrior (D:12)
  A centaur (D:12)
  7 killer bees (D:15)
  An orc priest (D:12)
  2 orc wizards (D:12)
  6 orcs (D:12)
  A goblin (D:12)
56 creatures vanquished.

Vanquished Creatures (others)
  A deep elf pyromancer (D:13)
  4 ugly things
  A manticore (D:13)
  A meliai (D:15)
  A slime creature (D:14)
  A yak (D:12)
  A spriggan (Depths:1)
  A hell hound (D:14)
  A centaur (D:12)
  2 killer bees (D:15)
  2 hell rats (D:14)
  66 fulminant prisms
82 creatures vanquished.

Grand Total: 617 creatures vanquished

Notes
Turn   | Place    | Note
-------+----------+-------------------------------------------
     0 | D:1      | freelancePsychic the Djinni Conjurer began the quest for
                  | the Orb.
     0 | D:1      | freelancePsychic set off with the following spells
                  | memorised: Magic Dart, Searing Ray, Dazzling Flash,
                  | Fulminant Prism, Iskenderun's Mystic Blast.
     0 | D:1      | Reached XP level 1. HP: 15/15 MP: 0/0
   200 | D:1      | Reached XP level 2. HP: 21/22 MP: 0/0
   276 | D:1      | Reached skill level 1 in Fighting
   940 | D:2      | Reached XP level 3. HP: 23/27 MP: 0/0
   940 | D:2      | Learned a level 1 spell: Slow
   950 | D:2      | Found Bapsut's Assorted Antiques.
   996 | D:2      | Bought a scroll labelled RUONEIWEIWN for 23 gold pieces
   996 | D:2      | Bought a scroll labelled SATECRE SOOMERCH for 23 gold
                  | pieces
  1320 | D:2      | Reached XP level 4. HP: 29/33 MP: 0/0
  1883 | D:3      | Found a bloodstained altar of Trog.
  2084 | D:3      | Noticed an ogre
  2288 | D:3      | Reached XP level 5. HP: 35/38 MP: 0/0
  2288 | D:3      | Learned a level 2 spell: Blink
  2442 | D:3      | Reached XP level 6. HP: 40/45 MP: 0/0
  2670 | D:4      | Found an iron altar of Okawaru.
  2753 | D:4      | Noticed Dowan
  2779 | D:4      | Found a broken altar of Ashenzari.
  2987 | D:4      | Found a sparkling altar of Nemelex Xobeh.
  3004 | D:4      | Found a shadowy altar of Dithmenos.
  3168 | D:4      | Found a hazy altar of Hepliaklqana.
  3171 | D:4      | Reached skill level 5 in Spellcasting
  3203 | D:4      | Found a sacrificial altar of Ru.
  3217 | D:4      | Noticed Grinder
  3228 | D:4      | Became a worshipper of Ru the Awakened
  3254 | D:4      | Noticed a sky beast
  3260 | D:4      | Killed a sky beast
  3840 | D:5      | Entered Level 5 of the Dungeon
  3865 | D:5      | Noticed an ogre
  3874 | D:5      | Killed an ogre
  3875 | D:5      | Reached XP level 7. HP: 41/51 MP: 0/0
  3875 | D:5      | Learned a level 2 spell: Ensorcelled Hibernation
  4100 | D:5      | Found Qoheorus's Assorted Antiques.
  4109 | D:5      | Bought a scroll labelled MIPUMU ANWUEN for 26 gold pieces
  4109 | D:5      | Bought a scroll labelled CES TUTUTYDD for 26 gold pieces
  4309 | D:2      | Bought a scroll labelled YGAGAIJATIG for 23 gold pieces
  4391 | D:5      | Found a staircase to the Ecumenical Temple.
  4404 | Temple   | Entered the Ecumenical Temple
  4533 | D:5      | Found Pealygedgh's Antique Weapon Emporium.
  4657 | D:5      | Found Zakhid's Antique Armour Boutique.
  5312 | D:6      | Reached XP level 8. HP: 34/58 MP: 0/0
  5532 | D:6      | Found a burning altar of Makhleb.
  5555 | D:6      | Fell from the grace of Ru
  5555 | D:6      | Became a worshipper of Makhleb the Destroyer
  5588 | D:6      | Found a snail-covered altar of Cheibriados.
  5823 | D:6      | Reached skill level 5 in Fighting
  5862 | D:6      | Found Buzeaf's Elemental Accessories.
  6708 | D:7      | Found an opulent altar of Gozag.
  6948 | D:7      | Reached XP level 9. HP: 32/66 MP: 0/0
  6948 | D:7      | Learned a level 4 spell: Animate Armour
  7645 | D:7      | Found a runed translucent door.
  7653 | D:7      | Found a basalt altar of Yredelemnul.
  7778 | D:7      | Found a glowing golden altar of the Shining One.
  8184 | D:8      | Reached XP level 10. HP: 55/75 MP: 0/0
  8186 | D:8      | Noticed Maggie
  8195 | D:8      | Killed Maggie
  8403 | D:8      | Found a blossoming altar of Fedhas.
  8432 | D:8      | Noticed a death yak
  8433 | D:8      | Noticed a death yak
  8448 | D:8      | Killed a death yak
  8450 | D:8      | Killed a death yak
  8463 | D:8      | Reached skill level 10 in Spellcasting
  8463 | D:8      | Reached * piety under Makhleb
  8486 | D:8      | Noticed a death yak
  8624 | D:8      | Killed a death yak
  9032 | D:8      | Found a staircase to the Lair.
  9422 | D:5      | Bought a glowing scarf for 152 gold pieces
  9814 | D:9      | Reached XP level 11. HP: 62/84 MP: 0/0
  9814 | D:9      | Learned a level 4 spell: Sticky Flame
 10268 | D:9      | Reached ** piety under Makhleb
 10660 | D:10     | Entered Level 10 of the Dungeon
 10837 | D:10     | Reached skill level 10 in Fighting
 11154 | D:10     | Noticed a red ugly thing
 11176 | D:10     | Killed a red ugly thing
 11336 | D:10     | Noticed a centaur warrior
 11348 | D:10     | Noticed a sixfirhy
 11349 | D:10     | Killed a centaur warrior
 11600 | D:10     | Noticed a cyclops
 11606 | D:10     | Killed a cyclops
 11607 | D:10     | Reached XP level 12. HP: 74/92 MP: 0/0
 11916 | D:10     | Noticed an ogre mage
 11924 | D:10     | Killed an ogre mage
 12211 | D:10     | Noticed a two-headed ogre
 12225 | D:10     | Killed a two-headed ogre
 12225 | D:10     | Reached *** piety under Makhleb
 12442 | D:10     | Noticed Snorg
 12462 | D:10     | Killed Snorg
 12570 | D:10     | Noticed a two-headed ogre
 12578 | D:10     | Killed a two-headed ogre
 13265 | D:11     | Reached XP level 13. HP: 100/100 MP: 0/0
 13265 | D:11     | Learned a level 5 spell: Metabolic Englaciation
 13480 | D:11     | Found Sunnig's Armour Shop.
 13535 | D:11     | Noticed a four-headed hydra
 13544 | D:11     | Killed a four-headed hydra
 13817 | D:12     | Noticed Kirke
 13818 | D:12     | Identified a scroll of acquirement
 13818 | D:12     | Acquired 1182 gold pieces
 13828 | D:12     | Reached **** piety under Makhleb
 13839 | D:12     | Killed Kirke
 14000 | D:12     | Found a frozen archway.
 14004 | IceCv    | Entered an ice cave
 14874 | IceCv    | Noticed a reaper
 14989 | IceCv    | Killed a reaper
 15463 | D:12     | Reached ***** piety under Makhleb
 15472 | D:12     | Noticed Josephine
 15480 | D:12     | Killed Josephine
 15481 | D:12     | Reached skill level 5 in Dodging
 15619 | D:12     | Found a staircase to the Orcish Mines.
 15995 | D:12     | Noticed Maurice
 16002 | D:12     | Killed Maurice
 16100 | D:12     | Reached XP level 14. HP: 87/110 MP: 0/0
 17310 | D:13     | Found Dirhuets's Antique Armour Shop.
 18055 | D:13     | Found a gate to the Vaults.
 18155 | D:13     | Noticed Erolcha
 18176 | D:13     | Killed Erolcha
 18897 | D:13     | Found a runed translucent door.
 18901 | D:13     | Found a runed translucent door.
 18901 | D:13     | Found a runed translucent door.
 18946 | D:13     | an ettin changed into a broodmother
 18946 | D:13     | Noticed a broodmother (shapeshifter)
 19280 | D:13     | Noticed a fenstrider witch
 19291 | D:13     | Identified the +2 cloak of Veopsi {Str+3}
 19739 | D:13     | Identified the +3 flail "Djinni's Foe" {heavy, rN+ Dex+5}
 20540 | D:14     | Reached skill level 15 in Spellcasting
 20663 | D:14     | Reached XP level 15. HP: 54/118 MP: 0/0
 20663 | D:14     | Learned a level 6 spell: Simulacrum
 20931 | D:14     | Reached ****** piety under Makhleb
 21756 | D:14     | Found a portal to a secret trove of treasure.
 21781 | D:14     | Reached skill level 15 in Fighting
 21782 | D:14     | Reached skill level 10 in Dodging
 21870 | D:11     | Bought +0 shadow dragon scales for 1120 gold pieces
 21972 | D:14     | You paid a toll of +0 shadow dragon scales to enter a
                  | treasure trove
 21973 | Trove    | Entered a treasure trove
 21973 | Trove    | Found the brooch of Shielding {Spirit SH+8}
 21975 | Trove    | Identified the ring of Lutuqosk {AC+4 Str+3}
 21977 | Trove    | Identified the ring "Nosanaf" {EV+5 Str+3 Int-4 Dex+2
                  | Stlth+}
 21979 | Trove    | Identified the ring "Qidasch" {rF++ rN++ EV+5 Str+3}
 21985 | Trove    | Identified the ring of Hyqy {*Corrode rPois rC+ Stlth+}
 22000 | Trove    | Identified the ring of Ynottidi {EV+5 Str+3 SInv}
 22003 | Trove    | Identified the ring "Roghar" {Fly rN+ Str+5 Int+5}
 22636 | D:15     | Entered Level 15 of the Dungeon
 22740 | D:15     | Reached skill level 1 in Shields
 23324 | D:15     | Found a staircase to the Depths.
 23545 | Depths:1 | Entered Level 1 of the Depths
 23545 | Depths:1 | Noticed a fire giant
 23552 | Depths:1 | Killed a fire giant
 23593 | Depths:1 | Noticed a quicksilver ooze
 23595 | Depths:1 | Killed a quicksilver ooze
 23820 | Depths:1 | Found an iron altar of Okawaru.
 23863 | Depths:1 | Noticed a lich
 23880 | Depths:1 | Killed a lich
 24001 | Depths:1 | Noticed a frost giant
 24010 | Depths:1 | Killed a frost giant
 24019 | Depths:1 | Reached XP level 16. HP: 46/127 MP: 0/0
 24020 | Depths:1 | Identified the +9 trident of the Swamp {spect, rPois}
 24041 | Depths:1 | Reached skill level 5 in Shields
 24386 | Depths:1 | Found a one-way gateway to a ziggurat.
 24386 | Depths:1 | Noticed an ancient lich
 24408 | Depths:1 | Killed an ancient lich
 24486 | Depths:1 | Found an ornate altar of the Wu Jian Council.
 24577 | Depths:1 | Found a gateway to Hell.
 25167 | Depths:2 | Hit by a javelin thrown by a merfolk javelineer

Illustrated notes

Levels and vault maps discovered:
D:1:      lemuel_arrival_broad_hall, layout_loops_ring, grunt_decor_resistance,
          glass_columns_c, kennysheep_pointless_box
D:2:      layout_basic, serial_shops, nicolae_shop_overgrown_old_shop,
          serial_park_tiny_2
D:3:      layout_loops_cross, trog_three_pillars_becter, goddamned_bats
D:4:      layout_loops_ring, lemuel_round_altar, nicolae_dithmenos_the_darkroom,
          mainiacjoe_overflow_24_doors, cheibrodos_ashenzari_chains,
          mainiacjoe_overflow_large_starburst, kennysheep_cross_bottleneck,
          uniq_grinder, uniq_duvessa
D:5:      layout_layer_cave, minmay_temple_entry_slanted, serial_shops, shop,
          nicolae_shop_overgrown_old_shop, kennysheep_little_box
D:6:      layout_basic, mainiacjoe_overflow_paths, cheibrodos_worm_habitat,
          nicolae_elemental_shop, serial_bayou_lake_a
D:7:      layout_basic, dk_yredelemnul_ordeal,
          nicolae_gozag_cash_rules_everything_around_me,
          mainiacjoe_overflow_chevrons
D:8:      layout_basic, nicolae_overflow_hidden_temple,
          nicolae_overflow_crystal_walls, lemuel_crystal_altar,
          dpeg_lair_monsters, serial_glass, glass_columns_a, glass_columns_b,
          uniq_maggie
D:9:      layout_roguey, abandoned_shop
D:10:     nzn_winding_woodlands_three_and_one
          [nzn_winding_woodlands_5x15_split_checker,
          nzn_winding_woodlands_5x15_parted, nzn_winding_woodlands_5x15_pool,
          nzn_winding_woodlands_center_pierced_h], layout_basic, uniq_snorg
D:11:     layout_roguey, serial_shops, shop
D:12:     cheibrodos_barr_body, layout_stronghold, erik_orc_4,
          portal_ice_cave_entry_pillars_2, kennysheep_generic_room_2,
          uniq_josephine, uniq_maurice, uniq_kirke
D:13:     minmay_the_grid_triangle_9x9_recursive_2_mashed
          [minmay_the_grid_triangle_9x9_prize_top_heavy,
          minmay_the_grid_triangle_9x9_zippers_vertical,
          minmay_the_grid_triangle_9x9_steps,
          minmay_the_grid_triangle_9x9_fully_insulated_deathbox], layout_basic,
          david_vaults_5, serial_shops, shop, uniq_erolcha
D:14:     layout_roguey [special_room_mythical_zoo], enter_trove_2,
          serial_bayou, serial_bayou_ford_a, serial_bayou_lagoon_b,
          serial_bayou_pond_b, serial_bayou_pond_e, serial_bayou_pond_e,
          serial_bayou_pond_e
D:15:     hangedman_depths_entry_try_elsewhere_first, layout_rooms,
          chequers_serial_rivers_large_a, special_room [special_room_bee]
Temple:   hellmonk_temple_two_chambers
Depths:1: layout_honeycomb, enter_ziggurat_c, hangedman_coc_ice_floe,
          okawaru_gym_becter, nicolae_wu_jian_immortal_techniques
Depths:2: evilmike_diamond_2, layout_twisted_cross, rand_demon_pan_entry_9,
          abyss_entry, fiery_altar_vehumet, pf_hell_entry_tar_river,
          infiniplex_staircase_star

Skill      XL: |  1  2  3  4  5  6  7  8  9 10 11 12 13 14 15 16 |
---------------+-------------------------------------------------+-----
Fighting       | 1 2 3 4 5 7 9 10 11 13 14 15 16 | 16.1
Spellcasting   | 4 5 6 7 8 10 12 13 14 15 16 | 16.0
Dodging        | 5 9 10 | 10.2
Shields        | 4 5 |  5.9
Stealth        | |  1.5

Action                     |  1- 3 |  4- 6 |  7- 9 | 10-12 | 13-15 | 16-18 || total
---------------------------+-------+-------+-------+-------+-------+-------++-------
  Melee: Unarmed           |     1 |       |       |       |       |       ||     1
         Short sword       |       |       |       |     4 |     5 |       ||     9
   Cast: Magic Dart        |    20 |       |       |       |       |       ||    20
         Searing Ray       |    20 |    42 |    40 |    30 |    18 |     1 ||   151
         Fulminant Prism   |       |     2 |     5 |    10 |    40 |    14 ||    71
         Slow              |       |     1 |       |     1 |       |       ||     2
         Iskenderun's Myst |       |       |    49 |   158 |   427 |    41 ||   675
         Sticky Flame      |       |       |       |    20 |    12 |       ||    32
         Blink             |       |       |       |     1 |       |       ||     1
         Metabolic Englaci |       |       |       |       |     6 |       ||     6
         Simulacrum        |       |       |       |       |    13 |       ||    13
  Evoke: Wand              |       |       |     1 |       |     1 |       ||     2
    Use: Scroll            |       |     4 |     8 |     3 |    17 |       ||    32
         Potion            |       |       |       |       |       |     1 ||     1
 Armour: Robe              |       |     4 |     6 |       |       |       ||    10
         Steam dragon scal |       |       |       |    19 |    28 |     3 ||    50
  Dodge: Dodged            |     7 |    21 |    31 |    68 |   104 |     9 ||   240
  Block: Orb               |       |       |       |       |    12 |     5 ||    17
